Map: [ESL] Site Delta

Players

Kelazhur

  • Race: Terran Terran
  • Spawn Location: 11:00

DisK - Winner!

  • Race: Protoss Protoss
  • Spawn Location: 5:00

Event: ESL SC2 Masters 2023 Winter (Regional)

VOD

Have the link to the VOD?

Description

Time

  • Played on: Nov. 3, 2023, 1:31 p.m.
  • Length: 15:35
Show
View Real Time Build Order
Export as new Build Order

Kelazhur Terran 

Build Orders: Reaper Expand 

Get SALT Encoding   

  12  0:00  SCV  
  13  0:12  SCV  
  14  0:17  Supply Depot  
  14  0:24  SCV  
  15  0:38  SCV  
  15  0:39  Barracks  
  16  0:43  Refinery  
  16  0:50  SCV  
  17  1:02  SCV  
  18  1:15  SCV  
  19  1:26  Reaper  
  19  1:27  Orbital Command  
  20  1:37  Command Center  
  20  1:48  Supply Depot  
  20  1:53  SCV  
  21  1:58  Marine  
  22  2:03  Factory  
  22  2:05  SCV  
  23  2:12  Refinery  
  23  2:15  Marine  
  23  2:17  SCV  
  25  2:29  SCV  
  26  2:41  SCV  
  26  2:45  Barracks Reactor  
  26  2:47  Hellion, Starport  
  26  2:49  Orbital Command  
  28  2:53  SCV  
  29  3:03  Barracks  
  29  3:06  SCV  
  29  3:08  Factory Tech Lab  
  30  3:16  SCV  
  30  3:18  SCV  
  32  3:22  Marine x2  
  32  3:25  Medivac  
  36  3:29  Supply Depot, SCV  
  36  3:33  Siege Tank  
  40  3:38  SCV  
  40  3:41  Marine x2, SCV  
  44  3:50  SCV  
  44  3:52  Marine  
  44  3:53  SCV  
  45  3:59  Marine x2  
  48  4:02  SCV  
  48  4:05  SCV  
  48  4:07  Siege Tank, Supply Depot  
  48  4:09  Marine  
  52  4:10  Supply Depot  
  52  4:15  SCV  
  54  4:28  Liberator, Marine x2  
  54  4:29  Supply Depot, Marine, SCV  
  61  4:33  SCV  
  62  4:43  Siege Tank  
  63  4:46  Marine  
  63  4:48  Barracks Tech Lab, SCV  
  63  4:50  Supply Depot  
  63  4:52  Refinery  
  65  4:53  SCV  
  65  4:56  Barracks  
  66  5:00  SCV  
  66  5:05  Marine x2, SCV  
  70  5:07  Command Center  
  70  5:12  SCV  
  70  5:14  Starport Tech Lab, Supply Depot  
  71  5:17  SCV  
  71  5:21  Marauder  
  68  5:24  Bunker, SCV  
  68  5:25  Bunker  
  60  5:29  Marine, SCV  
  60  5:30  Marine  
  60  5:33  Siege Tank  
  63  5:36  SCV  
  63  5:41  SCV  
  65  5:44  Barracks, Marauder  
  65  5:45  Barracks  
  65  5:49  SCV  
  68  5:53  SCV  
  66  5:57  Marine  
  66  6:01  SCV  
  68  6:06  Marauder  
  68  6:10  Siege Tank, Marine  
  70  6:17  SCV  
  71  6:21  SCV  
  71  6:23  Marine  
  71  6:25  Marauder  
  75  6:27  Marauder  
  75  6:31  Marine  
  77  6:33  Marine  
  77  6:39  Marine  
  65  6:41  Marine  
  65  6:42  Siege Tank  
  65  6:46  Marine  
  65  6:51  Marauder  
  65  6:52  Marine  
  65  6:53  Marine  
  69  7:01  Marine  
  69  7:04  Marauder  
  71  7:09  Orbital Command  
  71  7:13  Marauder  
  68  7:16  Marine x2  
  68  7:17  SCV  
  63  7:23  SCV  
  63  7:25  Marine  
  63  7:26  Marauder  
  63  7:29  SCV  
  69  7:34  Marine x2  
  69  7:36  SCV  
  71  7:39  SCV  
  71  7:42  Marine  
  71  7:43  SCV, Refinery x3  
  74  7:48  SCV  
  74  7:51  Marine x2  
  77  7:52  SCV  
  77  7:54  Barracks  
  77  7:55  SCV, Marine x2  
  77  7:57  Stimpack  
  81  8:06  SCV  
  81  8:07  Marine  
  81  8:08  Marine, SCV  
  86  8:13  Marine  
  86  8:18  Marine  
  84  8:20  SCV  
  84  8:21  Marine  
  84  8:23  SCV  
  84  8:24  Orbital Command, Marine  
  84  8:25  Starport Reactor  
  84  8:26  Combat Shield  
  88  8:27  Marine  
  88  8:31  Marine  
  88  8:32  SCV  
  89  8:35  SCV  
  89  8:39  Marauder  
  92  8:44  SCV  
  92  8:48  Barracks Reactor, Factory Reactor  
  93  8:51  Supply Depot  
  93  8:52  Supply Depot  
  93  8:54  Marine  
  93  8:55  Marauder x2, SCV  
  99  8:56  Marine, SCV  
  99  8:57  Concussive Shells  
  99  9:00  Marine  
  101  9:07  Bunker, Supply Depot  
  101  9:08  Supply Depot  
  101  9:11  Engineering Bay  
  101  9:13  SCV x3, Marine  
  101  9:14  Supply Depot, Marine  
  106  9:17  Viking x2  
  106  9:20  Marauder x2  
  106  9:23  Marauder  
  113  9:25  SCV x3  
  116  9:33  Supply Depot  
  116  9:37  SCV  
  115  9:39  SCV  
  115  9:41  Marauder x2  
  115  9:42  Marine x2  
  122  9:46  Marine  
  122  9:47  Medivac, Marine  
  122  9:49  Medivac  
  122  9:51  SCV x2  
  130  9:54  Supply Depot  
  130  9:58  SCV  
  131  10:01  Supply Depot  
  131  10:03  SCV  
  131  10:04  Marauder x2  
  131  10:06  Supply Depot  
  131  10:07  Supply Depot  
  136  10:08  Marauder  
  142  10:14  Widow Mine x2  
  142  10:15  SCV  
  142  10:20  Supply Depot  
  142  10:21  Terran Infantry Weapons Level 1  
  143  10:24  Engineering Bay  
  143  10:25  Marine x2, Marauder  
  143  10:26  Marauder  
  143  10:29  Marauder  
  136  10:37  Marine x2  
  136  10:41  Widow Mine  
  105  10:43  Marine x2  
  105  10:46  Marauder  
  105  10:47  Marauder  
  101  10:50  Marauder  
  101  10:55  Marine x2  
  95  11:01  Marine  
  95  11:03  SCV  
  88  11:06  SCV  
  88  11:08  Marauder, Marine  
  88  11:09  Marauder  
  84  11:11  Marine  
  84  11:12  Medivac  
  84  11:13  Marine  
  84  11:14  Medivac  
  84  11:15  SCV  
  79  11:19  SCV, Marine  
  79  11:25  SCV  
  77  11:26  Marine  
  77  11:29  Marauder, Marine  
  77  11:30  Marine, Marauder  
  84  11:35  Terran Infantry Armor Level 1  
  84  11:36  Marine  
  84  11:38  Widow Mine x2  
  89  11:42  SCV x2, Medivac  
  89  11:43  Marine  
  92  11:47  Marine  
  92  11:48  Marine  
  92  11:51  Marauder x2  
  92  11:52  SCV  
  97  11:54  Marine, SCV x2  
  100  12:02  Widow Mine x2  
  100  12:06  Marine x3  
  107  12:12  Marauder  
  107  12:14  Marauder, Marine  
  112  12:16  SCV x2  
  112  12:17  SCV  
  115  12:23  Marine  
  115  12:24  Widow Mine, Marine x2  
  115  12:26  Medivac  
  115  12:28  SCV  
  115  12:29  SCV  
  124  12:33  Widow Mine  
  124  12:37  Medivac  
  128  12:39  Marauder  
  130  12:44  Marauder  
  130  12:47  Widow Mine, Marine x2  
  130  12:48  SCV  
  137  12:52  Barracks Tech Lab  
  137  12:54  Barracks Reactor, SCV x2, Refinery  
  137  12:55  Refinery  
  139  12:59  Widow Mine  
  139  13:00  SCV  
  139  13:01  Marauder  
  139  13:04  Marine  
  145  13:07  Marauder, Marine  
  145  13:08  SCV  
  149  13:17  Marine, Armory, SCV  
  147  13:21  Marine, Medivac  
  147  13:22  Marine, Widow Mine  
  147  13:23  Widow Mine  
  147  13:25  Marine  
  156  13:28  Marine  
  157  13:38  Supply Depot  
  157  13:39  Marine x2, Supply Depot  
  157  13:40  Marauder x2, SCV x2  
  165  13:59  Marine x2  
  165  14:00  Medivac, Widow Mine, Marauder, SCV  
  165  14:01  Marauder, Widow Mine  
  177  14:04  Marine x2  
  177  14:05  Marauder  
  181  14:20  Marine  
  181  14:21  Marauder  
  147  14:32  Marine, Marauder x2  
  147  14:36  Marine x2, Widow Mine x2  
  127  14:42  Marine  
  127  14:43  Marauder  
  127  14:44  Medivac x2  
  128  14:50  Marine  
  104  14:53  Marauder  
  104  14:54  Marauder  
  100  15:01  Marine x3  
  100  15:04  Marauder  
  100  15:06  Widow Mine x2  
  100  15:08  Marine  
  101  15:15  Marine  
Show
View Real Time Build Order
Export as new Build Order

DisK Protoss - Winner!

Build Orders: 1 Gate Expand, Blink Stalkers 

Get SALT Encoding   

  12  0:00  Probe  
  13  0:12  Probe  
  14  0:16  Pylon  
  14  0:24  Probe (Chrono Boost)  
  15  0:35  Gateway  
  15  0:37  Probe (Chrono Boost)  
  16  0:45  Probe (Chrono Boost)  
  16  0:46  Assimilator  
  17  0:51  Probe  
  18  1:03  Probe  
  19  1:15  Probe  
  20  1:23  Cybernetics Core  
  20  1:32  Nexus  
  20  1:36  Probe  
  21  1:42  Pylon  
  20  1:48  Probe  
  20  1:50  Assimilator  
  21  1:56  Adept (Chrono Boost)  
  21  2:01  Probe  
  24  2:04  Warp Gate  
  24  2:13  Probe  
  25  2:21  Twilight Council  
  25  2:28  Probe  
  26  2:32  Stalker  
  28  2:40  Probe (Chrono Boost)  
  28  2:48  Probe (Chrono Boost)  
  30  2:52  Probe (Chrono Boost)  
  30  2:55  Blink (Chrono Boost)  
  30  2:57  Probe (Chrono Boost)  
  31  3:01  Probe (Chrono Boost)  
  31  3:02  Probe (Chrono Boost)  
  33  3:08  Gateway  
  33  3:11  Probe  
  34  3:14  Probe  
  35  3:23  Probe  
  35  3:26  Probe  
  37  3:31  Robotics Facility  
  37  3:35  Probe  
  37  3:38  Probe  
  39  3:50  Gateway  
  39  3:52  Probe  
  39  3:53  Probe  
  39  3:54  Gateway  
  41  3:56  Assimilator  
  41  3:58  Stalker  
  41  4:00  Pylon  
  43  4:04  Probe  
  43  4:06  Stalker  
  46  4:12  Pylon  
  46  4:18  Warp Prism (Chrono Boost)  
  46  4:23  Stalker  
  50  4:30  Stalker  
  52  4:45  Stalker  
  52  4:47  Stalker  
  52  4:48  Stalker  
  58  4:54  Pylon  
  58  5:07  Pylon  
  58  5:14  Stalker x4  
  60  5:37  Stalker x2, Probe x2  
  60  5:38  Stalker x2  
  70  5:49  Probe x2  
  59  6:17  Stalker x4  
  67  6:20  Nexus  
  67  6:25  Probe x2  
  66  6:37  Probe  
  58  6:48  Stalker  
  58  6:52  Stalker x2  
  61  7:01  Probe x2  
  63  7:13  Probe  
  64  7:17  Probe  
  65  7:26  Probe (Chrono Boost)  
  65  7:29  Probe (Chrono Boost)  
  63  7:30  Charge (Chrono Boost)  
  64  7:37  Probe (Chrono Boost)  
  64  7:38  Probe (Chrono Boost)  
  64  7:41  Probe (Chrono Boost)  
  66  7:47  Probe x2 (Chrono Boost)  
  66  7:48  Probe (Chrono Boost)  
  69  7:52  Probe x2 (Chrono Boost)  
  69  7:53  Gateway  
  69  7:54  Gateway  
  69  7:55  Probe  
  69  7:56  Gateway x2  
  72  7:59  Sentry x2  
  72  8:00  Observer  
  72  8:03  Probe  
  72  8:04  Probe  
  79  8:08  Probe  
  80  8:15  Probe  
  80  8:16  Probe  
  80  8:18  Zealot x2  
  86  8:20  Probe  
  86  8:21  Pylon x2  
  86  8:22  Pylon  
  86  8:26  Forge  
  87  8:27  Probe  
  88  8:34  Probe x2  
  88  8:37  Assimilator  
  88  8:39  Probe  
  88  8:41  Assimilator  
  91  8:43  Templar Archives  
  91  8:44  Pylon  
  91  8:46  Probe x2  
  93  8:49  Zealot x3  
  93  8:54  Zealot x2  
  103  8:59  Protoss Ground Weapons Level 1 (Chrono Boost)  
  103  9:05  Pylon  
  103  9:08  Zealot x3, Pylon  
  109  9:13  Zealot  
  109  9:14  Zealot  
  113  9:24  Zealot x3  
  113  9:26  Pylon  
  113  9:28  Shield Battery  
  119  9:31  Zealot x3  
  125  9:40  High Templar x2  
  125  9:43  Pylon  
  125  9:44  Pylon  
  128  9:46  High Templar x2  
  128  9:47  Zealot  
  128  9:50  Archon x2  
  128  9:52  Zealot x3  
  140  9:54  Pylon  
  140  10:12  Zealot  
  140  10:13  Zealot x5  
  152  10:21  Observer  
  139  10:35  Zealot x4  
  139  10:36  Zealot x2  
  113  10:52  Immortal  
  113  10:53  Zealot x2  
  113  10:54  Nexus  
  107  11:10  Protoss Ground Weapons Level 2 (Chrono Boost), Zealot x6  
  103  11:17  Observer, Robotics Bay  
  97  11:19  Robotics Facility, Probe x2  
  97  11:21  Shield Battery  
  97  11:24  Shield Battery  
  97  11:26  Zealot x2  
  97  11:30  Shield Battery  
  101  11:34  High Templar x3  
  101  11:35  High Templar x3  
  113  11:51  Zealot x2  
  118  11:54  Probe x3  
  118  11:57  Archon  
  118  11:58  Archon x2  
  118  12:00  Colossus  
  118  12:01  Colossus  
  132  12:09  Observer, Pylon  
  132  12:17  Stalker x5  
  132  12:19  Sentry  
  132  12:20  Zealot  
  146  12:23  Extended Thermal Lance (Chrono Boost)  
  146  12:31  Zealot  
  148  12:42  Pylon  
  144  12:45  Zealot x7  
  144  12:49  Pylon  
  158  12:52  Forge  
  157  13:09  Stalker x6  
  157  13:10  Stalker  
  171  13:19  Colossus (Chrono Boost)  
  169  13:20  Colossus (Chrono Boost)  
  181  13:27  Protoss Ground Armor Level 1 (Chrono Boost)  
  181  13:32  Pylon  
  181  13:34  Assimilator  
  183  13:35  Assimilator  
  183  13:41  Zealot x5  
  191  13:44  Zealot x3  
  181  14:02  Stalker x4  
  187  14:03  Stalker  
  191  14:10  Warp Prism  
  191  14:11  Observer  
  190  14:25  Zealot x3  
  176  14:41  Stalker x5  
  172  14:54  Zealot x3  
  172  14:56  Nexus  
  172  14:57  Pylon  
  176  15:00  Forge  
  172  15:08  Zealot x5  
  172  15:12  Probe x4  
  186  15:17  Pylon  
Tags
 
Add a new tag
Caveats
  • Supply blocks, unpowered buildings, or Contaminate may cause inaccurate times.
  • Supply counts are checked every 10 seconds.